 Dungeon Crawl Stone Soup version 0.26.1-2-gb8aa6d0cf2 (webtiles) character file.

Game seed: 17936184037485381927

602 Groucho the Covert (level 7, 0/32 HPs)
             Began as a Spriggan Enchanter on Feb 22, 2021.
             Slain by Grinder (4 damage)
             ... on level 5 of the Dungeon.
             The game lasted 00:13:24 (8403 turns).

Groucho the Covert (Spriggan Enchanter)             Turns: 8403, Time: 00:13:25

Health: 0/32       AC:  2    Str:  6    XL:     7   Next: 18%
Magic:  9/15       EV: 18    Int: 17    God:
Gold:   167        SH:  0    Dex: 16    Spells: 6/15 levels left

rFire    . . .     SeeInvis +   a - +1 dagger
rCold    . . .     Faith    .   (shield restricted)
rNeg     . . .     Spirit   .   b - +0 robe
rPois    .         Reflect  .   (helmet restricted)
rElec    .         Harm     .   (no cloak)
rCorr    .         Rampage  .   (gloves unavailable)
Will     +....                  (boots unavailable)
Stlth    +++++.....             (no amulet)
HPRegen  0.10/turn              (no ring)
MPRegen  0.14/turn              (no ring)

@: very quick
A: very small, unfitting armour, see invisible, speed 3
a: no special abilities


You were on level 5 of the Dungeon.
You visited 2 branches of the dungeon, and saw 6 of its levels.
You also visited: Sewer.

You collected 167 gold pieces.

Inventory:

Hand Weapons
 a - a +1 dagger (weapon)
Missiles
 i - 7 boomerangs
 m - 8 curare-tipped darts
 u - 6 poisoned darts (quivered)
Armour
 b - a +0 robe (worn)
Jewellery
 y - an uncursed ring of willpower {unknown}
 A - a cursed amulet of inaccuracy {unknown}
Wands
 q - a wand of polymorph (8)
 t - a wand of disintegration (14)
Scrolls
 d - 2 scrolls of fog {unknown}
 e - 3 scrolls of teleportation {unknown}
 g - 5 scrolls of identify {unknown}
 k - a scroll of enchant armour {unknown}
 l - a scroll of enchant weapon {unknown}
 n - 2 scrolls of remove curse {unknown}
 v - a scroll of immolation {unknown}
 z - a scroll of amnesia {unknown}
Potions
 c - 2 potions of lignification {unknown}
 f - a potion of mutation {unknown}
 h - a potion of heal wounds {unknown}
 j - a potion of haste {unknown}
 o - a potion of might {unknown}
 p - a potion of attraction {unknown}
 r - a potion of cancellation {unknown}
 s - a potion of invisibility {unknown}
 w - a potion of resistance {unknown}
 x - a potion of brilliance {unknown}


   Skills:
 - Level 1.1 Short Blades
 - Level 3.0 Dodging
 * Level 10.5 Stealth
 + Level 4.7 Spellcasting
 + Level 5.3 Hexes


You had 6 spell levels left.
You knew the following spells:

 Your Spells              Type           Power        Failure   Level
a - Corona                Hex            24%          1%          1
b - Ensorcelled Hibernat  Hex/Ice        26%          8%          2
c - Confusing Touch       Hex            22%          4%          3
d - Dazzling Flash        Conj/Hex       26%          14%         3

Your spell library contained the following spells:

 Spells                   Type           Power        Failure   Level
 Tukima's Dance           Hex            22%          4%          3
 Sandblast                Erth           6%           14%         1
 Passwall                 Tmut/Erth      2%           22%         2
 Stone Arrow              Conj/Erth      6%           41%         3
 Petrify                  Tmut/Erth      3%           82%         4
 Lee's Rapid Deconstruct  Erth           1%           99%         5


Dungeon Overview and Level Annotations

Branches:
Dungeon (5/15)             Temple (1/1) D:4           Sewer (visited)

Altars:
Cheibriados
Dithmenos
Fedhas
Gozag
Hepliaklqana
Nemelex Xobeh
Okawaru
Qazlal
Ru
Sif Muna
Vehumet
Wu Jian
Xom
Yredelemnul
Zin
The Shining One

Shops:
D:4 [=}(

Annotations:
D:3 3 runed translucent doors, Mattiprrivan's ghost, amateur TrBe
D:5 Grinder


Innate Abilities, Weirdness & Mutations

You are very small and have problems with some larger weapons.
You are too small for most types of armour.
You have supernaturally acute eyesight. (SInv)
You cover ground extremely quickly.


Message History

* * * LOW HITPOINT WARNING * * *
Unknown command.
Unknown command.
You hit Grinder but do no damage.
Grinder appears confused.
You hit Grinder but do no damage. The orc misses you.
Casting: Confusing Touch (dangerous; 4% risk of failure)
Confirm with . or Enter, or press ? or * to list all spells.
Aiming: Ensorcelled Hibernation (safe; 8% risk of failure)
Press: ? - help, Shift-Dir - straight line, f - orc
Aim: an orc, wielding a +0 hand axe (chance to affect: 62%)
The orc resists with significant effort.
The orc closely misses you.
Casting: Ensorcelled Hibernation (safe; 8% risk of failure)
Confirm with . or Enter, or press ? or * to list all spells.
Aiming: Ensorcelled Hibernation (safe; 8% risk of failure)
Press: ? - help, Shift-Dir - straight line, f/p - orc
Aim: an orc, wielding a +0 hand axe (chance to affect: 62%)
The orc resists with significant effort.
Grinder hits you.
You die...

#......#.....# ##
..#####.#..##.# #..
##.....#.# #..#
##..>.....####..#
..###..###.#.......##
[.....####........o.##
..###<..^.......###..###
#..######.?..o.......
####.## #.###@5#####
.....# #.. ##.# ######
###. .# .. .# #... ##.
##


You could see Grinder (confused) and an orc.

Vanquished Creatures
  A water moccasin (Sewer)
  A sky beast (D:5)
  A phantom (D:4)
  Blork the orc (D:4)
  A hound (D:4)
  An iguana (D:4)
  A worker ant (D:4)
  A hound skeleton (D:4)
  6 adders
  An adder skeleton (D:4)
  3 worms
  2 dart slugs (D:1)
  4 leopard geckos
  9 giant cockroaches
  11 goblins
  8 hobgoblins
  6 jackals
  14 kobolds
  A quokka (D:3)
  6 bats
  3 frilled lizards
  A jackal skeleton (D:4)
  A quokka skeleton (D:4)
  5 rats
89 creatures vanquished.

Vanquished Creatures (others)
  A plant (D:4)
1 creature vanquished.

Grand Total: 90 creatures vanquished

Notes
Turn   | Place    | Note
-------+----------+-------------------------------------------
     0 | D:1      | Groucho the Spriggan Enchanter began the quest for the Orb.
     0 | D:1      | Reached XP level 1. HP: 9/9 MP: 5/5
    53 | D:1      | Reached skill level 5 in Stealth
   485 | D:1      | Reached XP level 2. HP: 13/13 MP: 4/6
   488 | D:1      | Learned a level 2 spell: Ensorcelled Hibernation
   927 | D:1      | Reached skill level 6 in Stealth
  1132 | D:1      | Reached XP level 3. HP: 16/16 MP: 8/8
  2714 | D:2      | Reached skill level 7 in Stealth
  3894 | D:2      | Reached XP level 4. HP: 20/21 MP: 9/9
  4042 | D:2      | Learned a level 3 spell: Confusing Touch
  4466 | D:3      | Found a glowing golden altar of the Shining One.
  4781 | D:3      | Found a runed translucent gate.
  4781 | D:3      | Found a runed translucent gate.
  4783 | D:3      | Found a runed translucent gate.
  4786 | D:3      | Noticed Mattiprrivan's ghost (amateur TrBe)
  5063 | D:3      | Found a basalt altar of Yredelemnul.
  5121 | D:4      | Reached skill level 8 in Stealth
  5402 | D:4      | Reached XP level 5. HP: 24/24 MP: 7/10
  5442 | D:4      | Found a glowing drain.
  5446 | Sewer    | Entered a sewer
  5551 | Sewer    | Learned a level 3 spell: Dazzling Flash
  5921 | Sewer    | Noticed a water moccasin
  5936 | Sewer    | Killed a water moccasin
  5937 | Sewer    | Reached skill level 9 in Stealth
  6670 | D:4      | Noticed a phantom
  6678 | D:4      | Killed a phantom
  6679 | D:4      | Reached XP level 6. HP: 28/28 MP: 8/13
  7125 | D:4      | Found an iron altar of Okawaru.
  7315 | D:4      | Noticed Blork the orc
  7329 | D:4      | Killed Blork the orc
  7330 | D:4      | Reached skill level 10 in Stealth
  7330 | D:4      | Reached skill level 5 in Hexes
  7926 | D:4      | Found a staircase to the Ecumenical Temple.
  7936 | Temple   | Entered the Ecumenical Temple
  8061 | D:4      | Found Xaripnon's Jewellery Emporium.
  8061 | D:4      | Found Puove's Weapon Emporium.
  8061 | D:4      | Found Zeekaq's Gadget Emporium.
  8062 | D:4      | Found Barr's Antique Armour Emporium.
  8220 | D:4      | Reached XP level 7. HP: 32/32 MP: 14/14
  8317 | D:5      | Entered Level 5 of the Dungeon
  8392 | D:5      | Noticed Grinder
  8403 | D:5      | Slain by Grinder

Illustrated notes

Levels and vault maps discovered:
D:1:      wander_arrival_estate, layout_loops_ring
D:2:      layout_basic
D:3:      layout_basic, yredelemnul_forgotten_temple_becter, tso_metal_star,
          lemuel_crystal_altar, gammafunk_ghost_necromancy
D:4:      layout_rooms, kennysheep_mini, minmay_temple_entry_hall,
          lightli_sewer_entry_pipes, corexii_shack, minmay_shop_grid_forest,
          corner_web_ring, uniq_blork_the_orc
D:5:      layout_rooms, serial_shops, kennysheep_mini_moat, uniq_grinder,
          uniq_prince_ribbit1
Temple:   dshaligram_water_room_temple

Skill      XL: |  1  2  3  4  5  6 |
---------------+-------------------+-----
Stealth        | 5 6 7 8 9 10 | 10.5
Spellcasting   | 3 4 |  4.7
Hexes          | 4 5 |  5.3
Short Blades   | |  1.1
Dodging        | |  3.0

Action                   |  1- 3 |  4- 6 |  7- 9 || total
-------------------------+-------+-------+-------++-------
Melee: Dagger            |   177 |   163 |     7 ||   347
Throw: Boomerang         |     6 |     1 |       ||     7
 Cast: Corona            |     1 |       |       ||     1
       Ensorcelled Hiber |    10 |    29 |     3 ||    42
       Confusing Touch   |       |     7 |     1 ||     8
 Stab: Sleeping          |    20 |    26 |     1 ||    47
       Distracted        |     1 |       |       ||     1
       Confused          |       |     2 |       ||     2
Armor: Robe              |    18 |    11 |       ||    29
Dodge: Dodged            |   128 |   129 |     8 ||   265
